 Dungeon Crawl Stone Soup version 0.20.0-8-g6b59dc7 (webtiles) character file.

179 4thArraOfDagon the Slasher (level 5, 0/35 HPs)
             Began as a Barachi Enchanter on June 1, 2017.
             Slain by a crimson imp (3 damage)
             ... on level 6 of the Dungeon.
             The game lasted 00:08:50 (1498 turns).

4thArraOfDagon the Slasher (Barachi Enchanter)      Turns: 1498, Time: 00:08:51

Health: 0/35       AC:  5    Str:  9    XL:     5   Next: 59%
Magic:  2/8        EV: 12    Int: 18    God:
Gold:   98         SH:  0    Dex: 13    Spells: 2/8 levels left

rFire    . . .     SeeInvis .   o - +0 long sword
rCold    . . .     Gourm    .   (no shield)
rNeg     . . .     Faith    .   b - +0 robe
rPois    .         Spirit   .   g - +1 helmet
rElec    .         Reflect  .   (no cloak)
rCorr    .         Harm     .   e - +0 pair of gloves
MR       .....                  (no boots)
Stlth    ++........             (no amulet)
Regen    0.2/turn               j - +2 ring of intelligence
MPRegen  0.2/turn               (no ring)

@: can't hop, slow
A: +LOS, swims, slowness 1, strong legs 1
a: Hop


You were on level 6 of the Dungeon.
You were not hungry.

You visited 1 branch of the dungeon, and saw 6 of its levels.

You collected 98 gold pieces.

Inventory:

Hand Weapons
 a - a +1 dagger
 o - a +0 long sword (weapon)
Armour
 b - a +0 robe (worn)
 e - a +0 pair of gloves (worn)
 g - a +1 helmet (worn)
 n - a +0 ring mail
Jewellery
 j - a +2 ring of intelligence (left hand)
Potions
 h - a potion of degeneration
Books
 c - a book of Maledictions

   Spells                             Type                      Level
   a - Corona                         Hexes                        1
   b - Ensorcelled Hibernation        Hexes/Ice                    2
   c - Confuse                        Hexes                        3
   d - Tukima's Dance                 Hexes                        3
   e - Dazzling Spray                 Conjuration/Hexes            3
Comestibles
 d - 3 bread rations
 f - 4 fruits
 p - a meat ration


   Skills:
 - Level 3.0(4.0) Short Blades
 * Level 4.4(5.0) Long Blades
 - Level 2.1 Dodging
 - Level 2.6 Stealth
 - Level 2.1 Spellcasting
 - Level 3.2 Hexes
 * Level 2.3 Ice Magic


You had 2 spell levels left.
You knew the following spells:

 Your Spells              Type           Power        Failure   Level  Hunger
a - Corona                Hex            ##.....      4%          1    #......
b - Ensorcelled Hibernat  Hex/Ice        ##....       9%          2    ###....
c - Confuse               Hex            ##......     14%         3    ###....


Dungeon Overview and Level Annotations

Branches:
Dungeon (6/15)
 Temple: D:4-7

Altars:
Ashenzari
Elyvilon
Ru
Sif Muna

Shops:
D:6 (

Annotations:
D:4 Edmund
D:5 cliffracer's ghost, amateur OpSu


Innate Abilities, Weirdness & Mutations

Shadows flee at your approach. (+LOS)
You can swim through water.
You cover ground slowly.
You can hop short distances.


Message History

The crimson imp easily resists.
Unknown command.
You closely miss the crimson imp. The crimson imp hits you.
* * * LOW HITPOINT WARNING * * *
Unknown command.
The crimson imp hits you.
* * * LOW HITPOINT WARNING * * *
The crimson imp blinks!
The crimson imp shouts, "Submit, thou foppish dread-bolted harpy!"
The crimson imp blinks!
The crimson imp closely misses you.
You riposte.
You closely miss the crimson imp. The crimson imp closely misses you.
The crimson imp hits you.
* * * LOW HITPOINT WARNING * * *
Okay, then.
Okay, then.
The crimson imp grinds its teeth.
The crimson imp hits you.
You die...

###### #....########
#....##.....# #....##.....#
#############[)..##.<...###
#........5@....).##.....##.
#######........####..............
.......................##......##
.##########.######.....##......##
.# #.# #..######.......# .# ####
#.# #.########.####.# .##
#...###.# ###.##........###.< ..#
....)##.# #...##........##... #.#
......#.# ##.###.............


You could see a crimson imp.

Vanquished Creatures
  A bullfrog (D:6)
  2 orc priests (D:6)
  A worker ant (D:6)
  A shadow imp (D:6)
  A leopard gecko (D:4)
  3 orcs
  A ball python (D:3)
  A giant cockroach (D:4)
  2 goblins (D:1)
  2 hobgoblins
  8 jackals
  A bat (D:1)
  A rat (D:3)
25 creatures vanquished.

Notes
Turn   | Place    | Note
-------+----------+-------------------------------------------
     0 | D:1      | 4thArraOfDagon the Barachi Enchanter began the quest for the Orb.
     0 | D:1      | Reached XP level 1. HP: 13/13 MP: 3/3
   165 | D:3      | Reached XP level 2. HP: 11/19 MP: 5/5
   222 | D:4      | Learned a level 2 spell: Ensorcelled Hibernation
   311 | D:4      | Noticed Edmund
   314 | D:4      | Turgon: Good morning! Am I wrong or has this game become incredible hard in 0.20?
   557 | D:5      | Entered Level 5 of the Dungeon
   574 | D:5      | Found a sacrificial altar of Ru.
   712 | D:5      | 4thArraOfDagon: morning
   712 | D:5      | 4thArraOfDagon: oh yes, you are certainly right haha
   750 | D:5      | Noticed cliffracer's ghost (amateur OpSu)
   759 | D:6      | Found a shattered altar of Ashenzari.
   788 | D:5      | Turgon: My OpFi is alive only because he found so many telep scrolls
   792 | D:5      | Reached XP level 3. HP: 24/24 MP: 1/6
   802 | D:5      | Learned a level 3 spell: Confuse
   862 | D:5      | Noticed a centaur
   878 | D:5      | HP: 1/24 [centaur (5)]
  1110 | D:6      | Found a white marble altar of Elyvilon.
  1121 | D:6      | Turgon: My aim was to get < 35 k - but now it's *only* to win a 15-runer
  1126 | D:6      | Noticed a bullfrog
  1132 | D:6      | Killed a bullfrog
  1132 | D:6      | Reached skill level 3 in Long Blades
  1132 | D:6      | Reached XP level 4. HP: 27/30 MP: 2/7
  1154 | D:6      | Turgon: even if it should be > 40 k
  1213 | D:6      | Reached skill level 1 in Ice Magic
  1213 | D:6      | Reached XP level 5. HP: 18/35 MP: 4/8
  1315 | D:6      | Reached skill level 4 in Long Blades
  1338 | D:6      | Found a deep blue altar of Sif Muna.
  1365 | D:6      | Found Dunum's Weapon Shoppe.
  1395 | D:6      | Turgon: +3 vamp b-axe, not bad
  1434 | D:6      | RIP
  1498 | D:6      | Slain by a crimson imp

Skill      XL: |  1  2  3  4  5 |
---------------+----------------+-----
Short Blades   | 2 3 |  3.0
Long Blades    | 3 4 |  4.4
Ice Magic      | 1 2 |  2.3
Dodging        | |  2.1
Stealth        | |  2.6
Spellcasting   | |  2.1
Hexes          | |  3.2

Action                   |  1- 3 |  4- 6 || total
-------------------------+-------+-------++-------
Melee: Dagger            |    79 |    38 ||   117
       Long sword        |       |    18 ||    18
 Cast: Ensorcelled Hiber |    13 |     8 ||    21
       Corona            |     1 |     1 ||     2
       Confuse           |       |     3 ||     3
 Abil: Hop               |     1 |     1 ||     2
  Use: Scroll            |     5 |     1 ||     6
       Potion            |     2 |     1 ||     3
 Stab: Sleeping          |     7 |     3 ||    10
  Eat: Chunk             |     2 |     2 ||     4
Armor: Robe              |    35 |    16 ||    51
Dodge: Dodged            |    79 |    35 ||   114
       Rpst.: Long sword |       |     5 ||     5
